 Dungeon Crawl Stone Soup version 0.29-a0-845-g6161e89988 (webtiles) character file.

Game seed: 6763211051839867095

54977 tilp the Artisan of Death (level 14, -4/106 HPs)
             Began as a Mummy Necromancer on July 14, 2022.
             Was a Priest of Kikubaaqudgha.
             Slain by a red devil
             ... wielding a +2 demon trident of venom
             ... summoned by an orc high priest
              (13 damage)
             ... on level 2 of the Orcish Mines on July 15, 2022.
             The game lasted 00:53:27 (24769 turns).

tilp the Artisan of Death (Mummy Necromancer)      Turns: 24769, Time: 00:53:28

Health: -4/106     AC: 20    Str: 14    XL:     14   Next: 36%
Magic:  5/29       EV: 14    Int: 27    God:    Kikubaaqudgha [***...]
Gold:   1632       SH:  0    Dex: 13    Spells: 2/36 levels left

rFire   . . .      SeeInvis .   b - +12 trident of Nulioqim {vorpal, Will+ Str+3}
rCold   + + .      Faith    +   (no shield)
rNeg    + + +      Spirit   .   S - +1 robe "Zunkoet" {rC+ Int+8}
rPois   ∞          Reflect  .   k - +2 helmet
rElec   .          Harm     .   o - +2 cloak
rCorr   .          Rampage  .   n - +2 pair of gloves
Will    ++...                   m - +2 pair of boots
Stlth   ++........              w - amulet of faith
HPRegen 0.27/turn               E - ring of protection from fire
MPRegen 0.21/turn               I - +4 ring of protection

@: marked, animating dead
A: cold resistance 1, negative energy resistance 3, torment resistance 2, heat
vulnerability 1, in touch with death 2, no potions
a: Renounce Religion, Unearth Wretches


You were on level 2 of the Orcish Mines.
You worshipped Kikubaaqudgha.
Kikubaaqudgha was most pleased with you.
You visited 3 branches of the dungeon, and saw 18 of its levels.
You also visited: Volcano.

You collected 2172 gold pieces.
You spent 540 gold pieces at shops.

Inventory:

Hand Weapons
 b - the +12 trident of Nulioqim (weapon) {vorpal, Will+ Str+3}
   (You found it on level 3 of the Lair of Beasts)

   It inflicts extra damage upon your enemies.
   Str:       It affects your strength (+3).
   Will:      It increases your willpower.
 R - the +5 flail "Memouch" {protect, rElec Str+2 Int+5 Stlth+}
   (You found it on level 10 of the Dungeon)

   It grants its wielder temporary protection when it strikes (+7 to AC).
   Str:       It affects your strength (+2).
   Int:       It affects your intelligence (+5).
   rElec:     It insulates you from electricity.
   Stlth:     It makes you more stealthy.
Missiles
 d - 2 throwing nets
 r - 10 poisoned darts
 t - 5 boomerangs
 z - 2 boomerangs of dispersal
 H - 5 silver boomerangs
 L - 4 atropa-tipped darts
 O - 4 javelins
Armour
 k - a +2 helmet (worn)
 m - a +2 pair of boots (worn)
 n - a +2 pair of gloves (worn)
 o - a +2 cloak (worn)
 N - a +1 kite shield of fire resistance
 S - the +1 robe "Zunkoet" (worn) {rC+ Int+8}
   (You found it on level 9 of the Dungeon)

   Int:       It affects your intelligence (+8).
   rC:        It protects you from cold.
 X - a scarf of shadows
Magical Staves
 a - a staff of death
Jewellery
 v - an amulet of magic regeneration
 w - an amulet of faith (around neck)
 A - an amulet of regeneration
 E - a ring of protection from fire (left hand)
 I - a +4 ring of protection (right hand)
 J - a ring of fire
 T - a ring of protection from cold
 U - the ring of Eplakozonn {Fly rPois rF+ rC+ Will-}
   (You found it on level 4 of the Lair of Beasts)

   [ring of flight]

   rF:        It protects you from fire.
   rC:        It protects you from cold.
   rPois:     It protects you from poison.
   Fly:       It grants you flight.
   Will:      It decreases your willpower.
 Z - a ring of protection from fire
Wands
 c - a wand of polymorph (6)
 j - a wand of flame (17)
 p - a wand of paralysis (12)
 x - a wand of iceblast (27)
 D - a wand of digging (3)
 F - a wand of light (17)
Scrolls
 e - 5 scrolls of vulnerability
 f - 3 scrolls of magic mapping
 g - a scroll of fear
 i - 6 scrolls of teleportation
 l - 2 scrolls of amnesia
 q - 3 scrolls of immolation
 s - 2 scrolls of noise
 u - 3 scrolls of torment
 y - 2 scrolls of fog
 B - a scroll of silence
 P - a scroll of poison
 Q - 3 scrolls of blinking
 Y - a scroll of summoning
Miscellaneous
 h - a box of beasts
 V - a piece from Xom's chessboard (15/15)
 W - a phantom mirror


   Skills:
 + Level 8.8 Fighting
 + Level 2.5 Staves
 - Level 4.0 Armour
 - Level 6.0 Dodging
 - Level 2.0 Stealth
 + Level 11.8 Spellcasting
 - Level 8.0 Hexes
 * Level 3.9 Summonings
 * Level 13.9 Necromancy
 - Level 4.0 Translocations
 + Level 3.7 Air Magic
 + Level 3.5 Poison Magic
 + Level 6.7 Evocations


You had 2 spell levels left.
You knew the following spells:

 Your Spells              Type           Power      Damage    Failure   Level
a - Necrotise             Necr           100%       1d9       0%          1
b - Vampiric Draining     Necr           100%       2d13      1%          3
c - Animate Dead          Necr           100%       N/A       1%          4
d - Anguish               Hex/Necr       53%        N/A       1%          4
e - Agony                 Necr           100%       N/A       1%          5
f - Dispel Undead         Necr           100%       3d31      1%          4
g - Blink                 Tloc           74%        N/A       1%          2
h - Corpse Rot            Necr/Pois/Air  89%        N/A       1%          4
i - Haunt                 Necr/Summ      49%        N/A       58%         7

Your spell library contained the following spells:

 Spells                   Type           Power      Damage    Failure   Level
 Apportation              Tloc           74%        N/A       1%          1
 Sting                    Tmut/Pois      100%       1d8       1%          1
 Ensorcelled Hibernation  Hex/Ice        74%        N/A       1%          2
 Poisonous Vapours        Pois/Air       70%        N/A       1%          2
 Static Discharge         Conj/Air       26%        3-7/arc   2%          2
 Lesser Beckoning         Tloc           37%        N/A       1%          3
 Death Channel            Necr           58%        N/A       1%          6
 Borgnjor's Vile Clutch   Necr/Erth      44%        N/A       5%          5
 Summon Lightning Spire   Summ/Air       36%        N/A       8%          4
 Olgreb's Toxic Radiance  Pois           35%        N/A       9%          4
 Ozocubu's Armour         Ice            15%        N/A       11%         3
 Manifold Assault         Tloc           37%        N/A       19%         5
 Simulacrum               Ice/Necr       44%        N/A       30%         6
 Sticky Flame             Conj/Fire      15%        2d4       34%         4
 Alistair's Intoxication  Tmut/Pois      16%        N/A       43%         5
 Infestation              Necr           58%        N/A       61%         8
 Irradiate                Conj/Tmut      7%         3d14      69%         5
 Conjure Ball Lightning   Conj/Air       13%        3x3d6     95%         6
 Ozocubu's Refrigeration  Ice            7%         4d6       100%        7
 Discord                  Hex            28%        N/A       100%        8
 Disjunction              Tloc           18%        N/A       100%        8
 Spider Form              Tmut/Pois      Unusable   N/A       N/A         3

Dungeon Overview and Level Annotations

Branches:
Dungeon (10/15)            Temple (0/1) D:5            Lair (6/6) D:9
 Shoals (0/4) Lair:4        Snake (0/4) Lair:2        Slime (0/5) Lair:6
    Orc (2/2) D:10            Elf (0/3) Orc:2       Volcano (visited)

Altars:
Ashenzari
Dithmenos
Fedhas
Kikubaaqudgha
Makhleb
Nemelex Xobeh
Ru
Trog

Shops:
D:5 (   D:7 =   Orc:1 *   Orc:2 (?

Annotations:
D:10 exclusion: kobold demonologist, Gastronok
Lair:2 2 runed translucent doors, Mesmaeker13's ghost, adept DEIE


Innate Abilities, Weirdness & Mutations

You are immune to poison.
Your flesh is cold resistant. (rC+)
You are immune to negative energy. (rN+++)
You are immune to unholy pain and torment.
You are vulnerable to heat. (rF-)
You are strongly in touch with the powers of death.
You do not drink.


Message History

Press: ? - help, Dir - look around, f - activate You feel a strong surge of power!
The orc sorcerer is haunted by guilt!
The orc high priest is haunted by guilt!
The orc warrior is haunted by guilt!
The orc knight is haunted by guilt! x2
The orc warrior is haunted by guilt!
The ogre is haunted by guilt!
A nearby orc warrior perishes wretchedly.
The dead are walking!
The orc knight roars a battlecry!
The orc high priest goes into a battle-frenzy!
Unknown command.
Unknown command.
Unknown command.
Casting: Anguish (safe; 1% risk of failure)
Confirm with . or Enter, or press ? or * to list all spells.
Aiming: Agony (mildly dangerous; 1% risk of failure)
Press: ? - help, Shift-Dir - straight line, f - orc knight
Aim: an orc knight, wielding a +2 war axe of holy wrath and wearing a +0 plate armour (moderately wounded, strong, ally target, anguished, chance to affect: 99%)
You feel a strong surge of power!
The orc knight convulses!
A nearby orc sorcerer perishes wretchedly.
A nearby orc warrior perishes wretchedly.
A nearby ogre perishes wretchedly.
The dead are walking! x3
The orc knight misses you.
Unknown command.
Unknown command.
You barely miss the orc knight.
The orc knight is severely wounded.
The orc knight hits you with a +2 war axe of holy wrath!!
* * * LOW HITPOINT WARNING * * *
You convulse!!
* * * LOW HITPOINT WARNING * * *
The orc knight is wracked by anguish!!!
The orc knight dies!
Kikubaaqudgha accepts your kill.
The dead are walking!
The orc high priest mumbles some strange prayers to Beogh.
Unknown command.
Unknown command.
The red devil hits you from afar with a +2 demon trident of venom!
You die...
Kikubaaqudgha rasps: "You have failed me!
Welcome... oblivion!"

#ZZZ..Z...##.....................
##..ZZ.........).................
#........#......................
##.....##.......................
##.##............................
#..Z.............................
##.#.............4o.<............
###.Z.........Z.oZ...............
#.##Z#........Z.@................
.ZZZZ...........Z................
..##Z).))........................
..#................Z....ZZ.......
.##.......................Z......
####.##....................Z..##.
###.......................Z...
##.#.###....##.#.#.##.##.##.
##### #####################


You could see an orc knight (strong, ally target, anguished), an orc high priest
(strong, anguished), a red devil (summoned, ally target), 2 friendly orc warrior
zombies, a friendly orc knight zombie, a friendly orc sorcerer zombie and a
friendly ogre zombie.

Vanquished Creatures
  A hydra (Lair:6)
  A catoblepas (Lair:6)
  A death yak (Lair:4)
  Pikel (D:8)
  4 orc sorcerers
  A wolf spider (Lair:4)
  A black mamba (Lair:6)
  A molten gargoyle (D:9)
  Maggie (D:8)
  2 rime drakes
  5 cane toads
  5 komodo dragons
  A troll (D:9)
  2 merfolk (Lair:4)
  3 polar bears
  Grinder (D:6)
  Prince Ribbit (D:8)
  A dream sheep (Lair:4)
  5 blink frogs
  2 centaur simulacra (D:10)
  2 shadows
  2 fire elementals (Volcano)
  2 wyverns
  9 yaks
  6 fire bats
  An unseen horror simulacrum (D:10)
  An acid dragon (D:10)
  A fire bat zombie (Volcano)
  4 water moccasins
  Duvessa (D:6)
  2 ice beasts (D:6)
  2 sky beasts
  2 orc warriors
  2 ogres
  4 wolves
  2 centaurs
  A kobold brigand (D:8)
  8 bullfrogs
  5 scorpions
  8 wights (D:7)
  Dowan (D:6)
  3 howler monkeys
  5 jellies
  3 orc priests
  A hound (D:5)
  4 iguanas
  10 orc wizards
  10 adders
  3 shadow imps
  A howler monkey simulacrum (D:10)
  3 worms (D:2)
  23 orcs
  2 endoplasms
  3 giant cockroaches
  7 goblins
  A hobgoblin (D:1)
  3 jackals (D:4)
  2 quokkas
  9 ball pythons
  7 bats
  2 frilled lizards
  11 kobolds
  A kobold zombie (D:8)
  7 rats
227 creatures vanquished.

Vanquished Creatures (collateral kills)
  A boulder beetle (Lair:4)
  A two-headed ogre (D:9)
  2 catoblepae (Lair:6)
  A manticore (Lair:4)
  A black mamba (Lair:2)
  A rust devil (D:9)
  A torpor snail (Lair:6)
  A merfolk siren (Lair:4)
  2 molten gargoyles (D:9)
  13 cane toads
  5 rime drakes
  3 komodo dragons
  2 tyrant leeches (Lair:6)
  2 polar bears
  9 blink frogs
  3 dream sheep (Lair:6)
  A shadow (D:9)
  2 wyverns (D:9)
  13 yaks
  2 basilisks
  3 fire bats (Volcano)
  5 vampire mosquitoes (Lair:6)
  11 water moccasins
  2 orc warriors
  11 wolves
  A centaur (D:9)
  A lemure (D:8)
  14 bullfrogs
  2 scorpions (D:9)
  2 earth elementals (Volcano)
  2 howler monkeys (D:9)
  An electric eel (Lair:1)
  3 lava snakes (Volcano)
  An orc priest (Orc:2)
  2 orc wizards
  12 orcs
  A hobgoblin (D:2)
  A kobold (D:8)
141 creatures vanquished.

Vanquished Creatures (others)
  A stone giant (Volcano)
  3 boulder beetles
  7 hydras
  2 two-headed ogres (D:9)
  A tengu warrior (D:9)
  2 death yaks
  Urug (Lair:2)
  A fire crab (Lair:4)
  3 orc knights (Orc:2)
  6 lindwurms (Volcano)
  A cyclops (D:9)
  An orc sorcerer (Orc:2)
  2 salamanders (Volcano)
  A rust devil (D:9)
  A gargoyle (Volcano)
  A torpor snail (Lair:4)
  5 black mambas
  2 molten gargoyles
  13 cane toads
  An unseen horror (shapeshifter) (D:9)
  4 rime drakes
  9 komodo dragons
  An efreet (Volcano)
  A merfolk (Lair:4)
  2 hydra zombies (Lair:6)
  A tyrant leech (Lair:6)
  2 hornets
  A slime creature (D:8)
  6 blink frogs
  A boulder beetle zombie (D:9)
  A dream sheep (Lair:6)
  A shadow (D:9)
  A black mamba zombie (Lair:1)
  11 yaks
  2 wyverns
  2 steam dragons
  A basilisk (Lair:2)
  A warg (Orc:2)
  A two-headed ogre zombie (D:9)
  A naga (Lair:2)
  2 fire bat zombies (Volcano)
  2 acid dragons
  5 water moccasins
  A merfolk zombie (Lair:4)
  2 cane toad zombies (Lair:6)
  A black bear (D:10)
  5 lindwurm zombies (Volcano)
  8 orc warriors
  A hornet zombie (Lair:2)
  2 ogres (Orc:2)
  A dream sheep zombie (Lair:6)
  5 blink frog zombies
  A centaur (D:9)
  5 wolves
  2 rime drake zombies (Lair:4)
  5 komodo dragon zombies
  2 salamander zombies (Volcano)
  8 bullfrogs
  A gnoll sergeant (D:9)
  A scorpion (D:9)
  A warg zombie (Orc:2)
  5 water moccasin zombies
  5 yak zombies
  7 wolf zombies
  A howler monkey (D:9)
  3 electric eels (Lair:6)
  4 lava snakes (Volcano)
  9 bullfrog zombies
  3 orc priests
  A hound (D:10)
  A basilisk zombie (Lair:6)
  2 orc wizards (Orc:1)
  A scorpion zombie (D:9)
  A human zombie (D:8)
  2 ogre zombies (Orc:2)
  An acid dragon zombie (D:9)
  An adder (D:9)
  4 lava snake zombies (Volcano)
  2 orcs
  A bat zombie (D:10)
  A giant cockroach (D:8)
  A hobgoblin (D:9)
  A bat (D:10)
  A frilled lizard (D:9)
  A giant cockroach zombie (D:8)
  A hobgoblin zombie (D:9)
  A kobold (D:8)
  A kobold zombie (D:8)
  7 orc zombies (Orc:2)
  76 fungi
  164 plants
475 creatures vanquished.

Grand Total: 843 creatures vanquished

Notes
Turn   | Place    | Note
-------+----------+-------------------------------------------
     0 | D:1      | tilp the Mummy Necromancer began the quest for the Orb.
     0 | D:1      | Reached XP level 1. HP: 13/13 MP: 4/4
   581 | D:1      | Reached XP level 2. HP: 20/20 MP: 5/5
   701 | D:2      | Got the Enchiridion on Breezy Forms
   726 | D:2      | Reached skill level 1 in Fighting
   786 | D:2      | Gained mutation: You are in touch with the powers of death.
                  | [Mummy growth]
   786 | D:2      | Reached XP level 3. HP: 26/26 MP: 2/7
   790 | D:2      | Learned a level 3 spell: Vampiric Draining
  1217 | D:2      | Found a faded altar of an unknown god.
  1791 | D:2      | Reached XP level 4. HP: 31/33 MP: 3/8
  2129 | D:3      | Found an ancient bone altar of Kikubaaqudgha.
  2152 | D:3      | Became a worshipper of Kikubaaqudgha
  2205 | D:3      | Found a sparkling altar of Nemelex Xobeh.
  2586 | D:3      | Learned a level 4 spell: Anguish
  2641 | D:4      | Reached skill level 5 in Necromancy
  2751 | D:4      | Noticed a scorpion
  2759 | D:4      | Killed a scorpion
  2760 | D:4      | Reached skill level 1 in Hexes
  2760 | D:4      | Reached XP level 5. HP: 38/38 MP: 0/9
  3697 | D:5      | Entered Level 5 of the Dungeon
  3874 | D:5      | Found a staircase to the Ecumenical Temple.
  3974 | D:5      | Reached skill level 6 in Necromancy
  3974 | D:5      | Reached XP level 6. HP: 43/44 MP: 3/10
  4211 | D:5      | Found Xomait's Weapon Boutique.
  5037 | D:6      | Reached * piety under Kikubaaqudgha
  5037 | D:6      | Received a gift from Kikubaaqudgha
  5187 | D:6      | Reached XP level 7. HP: 51/51 MP: 5/12
  5235 | D:6      | Noticed Duvessa
  5240 | D:6      | Noticed Dowan
  5245 | D:6      | Killed Duvessa
  5254 | D:6      | Killed Dowan
  5353 | D:6      | Noticed a steam dragon
  5439 | D:6      | Learned a level 4 spell: Animate Dead
  5994 | D:6      | Noticed Grinder
  6167 | D:6      | Reached XP level 8. HP: 60/60 MP: 1/14
  6357 | D:6      | Learned a level 2 spell: Blink
  6682 | D:7      | Found a bloodstained altar of Trog.
  6682 | D:7      | Found a blossoming altar of Fedhas.
  6683 | D:7      | Found a sacrificial altar of Ru.
  6786 | D:7      | Found a broken altar of Ashenzari.
  6876 | D:7      | Reached skill level 7 in Necromancy
  6876 | D:7      | Reached skill level 1 in Evocations
  7357 | D:7      | Reached skill level 1 in Translocations
  7428 | D:7      | Reached skill level 5 in Spellcasting
  7904 | D:7      | Found Yfeudgh's Jewellery Shoppe.
  8112 | D:7      | Found a shadowy altar of Dithmenos.
  8337 | D:8      | Noticed Maggie
  8352 | D:8      | Killed Maggie
  8353 | D:8      | Reached skill level 8 in Necromancy
  8500 | D:8      | Your ally Maggie died
  8577 | D:8      | Noticed a hornet
  8584 | D:8      | Reached XP level 9. HP: 64/65 MP: 4/18
  8771 | D:8      | Reached ** piety under Kikubaaqudgha
  8882 | D:8      | Noticed Pikel
  8894 | D:8      | Killed Pikel
  8895 | D:8      | Reached skill level 1 in Armour
  9056 | D:8      | Noticed Prince Ribbit
  9070 | D:8      | Killed Prince Ribbit
  9462 | D:8      | Learned a level 5 spell: Agony
  9510 | D:9      | Noticed a molten gargoyle
  9511 | D:9      | Noticed a molten gargoyle
  9511 | D:9      | Noticed a molten gargoyle
  9525 | D:9      | Killed a molten gargoyle
  9527 | D:9      | Killed a molten gargoyle
  9791 | D:9      | Reached skill level 5 in Hexes
  9822 | D:9      | Reached XP level 10. HP: 43/73 MP: 1/21
  9980 | D:9      | Identified the +1 robe "Zunkoet" {rC+ Int+8}
 10090 | D:9      | Found a staircase to the Lair.
 10194 | D:9      | Killed a molten gargoyle
 10649 | D:9      | Reached skill level 9 in Necromancy
 10972 | D:9      | Noticed a two-headed ogre
 10978 | D:9      | Killed a two-headed ogre
 10979 | D:9      | Reached skill level 5 in Fighting
 11193 | D:9      | Noticed a molten gargoyle
 11200 | D:9      | Killed a molten gargoyle
 11383 | D:9      | Learned a level 4 spell: Dispel Undead
 11569 | D:8      | Noticed a rust devil
 11569 | D:8      | Noticed a rust devil
 11900 | D:9      | Killed a rust devil
 12073 | D:9      | Killed a rust devil
 12197 | D:7      | Reached skill level 10 in Necromancy
 12631 | D:6      | Killed Grinder
 12632 | D:6      | Reached XP level 11. HP: 75/81 MP: 23/23
 12733 | D:10     | Entered Level 10 of the Dungeon
 12925 | D:10     | Noticed Gastronok
 12977 | D:10     | Identified the +5 flail "Memouch" {protect, rElec Str+2
                  | Int+5 Stlth+}
 12990 | D:10     | Learned a level 4 spell: Corpse Rot
 13150 | D:10     | Identified the +6 glaive of Recklessness {venom, rF- rCorr
                  | Str+2}
 13634 | D:10     | Found a staircase to the Orcish Mines.
 14304 | D:7      | Bought an amulet of magic regeneration for 480 gold pieces
 14395 | Lair:1   | Entered Level 1 of the Lair of Beasts
 14977 | Lair:1   | Reached skill level 1 in Air Magic
 14977 | Lair:1   | Reached skill level 1 in Poison Magic
 15609 | Lair:2   | Found a large runed translucent door.
 15611 | Lair:2   | Found a large runed translucent door.
 15749 | Lair:2   | You fall into a shaft and drop 1 floor!
 15857 | Lair:3   | Found a dark tunnel.
 15898 | Volcano  | Entered a volcano
 15975 | Volcano  | Found a bloodstained altar of Trog.
 15988 | Volcano  | Noticed a stone giant
 16003 | Volcano  | Killed a stone giant
 16004 | Volcano  | Reached skill level 5 in Dodging
 16015 | Volcano  | Reached skill level 5 in Evocations
 16037 | Volcano  | Reached XP level 12. HP: 37/91 MP: 25/25
 16489 | Lair:2   | Found a staircase to the Snake Pit.
 16611 | Lair:2   | Noticed Urug
 16619 | Lair:2   | Killed Urug
 16910 | Lair:2   | Noticed a five-headed hydra
 16917 | Lair:2   | Killed a five-headed hydra
 17353 | Lair:2   | Noticed Mesmaeker13's ghost (adept DEIE)
 17513 | Lair:3   | Reached skill level 11 in Necromancy
 17700 | Lair:3   | Identified the +12 trident of Nulioqim {vorpal, Will+
                  | Str+3}
 18443 | Lair:4   | Reached skill level 10 in Spellcasting
 18665 | Lair:4   | Noticed a seven-headed hydra
 18675 | Lair:4   | Killed a seven-headed hydra
 19366 | Lair:4   | Noticed a boulder beetle
 19380 | Lair:4   | Killed a boulder beetle
 19381 | Lair:4   | Reached skill level 12 in Necromancy
 19447 | Lair:4   | Noticed a death yak
 19462 | Lair:4   | Killed a death yak
 19463 | Lair:4   | Gained mutation: You are strongly in touch with the powers
                  | of death. [Mummy growth]
 19463 | Lair:4   | Reached XP level 13. HP: 94/98 MP: 5/27
 20018 | Lair:4   | Found a staircase to the Shoals.
 20367 | Lair:4   | Found a burning altar of Makhleb.
 20433 | Lair:4   | Identified the ring of Eplakozonn {Fly rPois rF+ rC+ Will-}
 20568 | Lair:4   | Reached skill level 13 in Necromancy
 20868 | D:9      | Learned a level 7 spell: Haunt
 20868 | D:9      | Upgraded the game from 0.29-a0-841-g116ddc6ace to
                  | 0.29-a0-845-g6161e89988
 21904 | Lair:6   | Entered Level 6 of the Lair of Beasts
 21912 | Lair:6   | Reached skill level 1 in Summonings
 21958 | Lair:6   | Reached skill level 1 in Staves
 21966 | Lair:6   | Reached *** piety under Kikubaaqudgha
 21966 | Lair:6   | Received a gift from Kikubaaqudgha
 22012 | Lair:6   | Identified the +2 great mace "Sybbucs" {freeze, Int+4}
 22485 | Lair:6   | Reached XP level 14. HP: 62/106 MP: 20/29
 22944 | Lair:6   | Found a staircase to the Slime Pits.
 23749 | Orc:1    | Entered Level 1 of the Orcish Mines
 23763 | Orc:1    | Found Riruyll's General Store.
 23927 | Orc:2    | Entered Level 2 of the Orcish Mines
 23953 | Orc:2    | Found a staircase to the Elven Halls.
 24155 | Orc:2    | Found Darchien's Magic Scroll Emporium.
 24217 | Orc:2    | Bought a scroll of identify for 30 gold pieces
 24217 | Orc:2    | Bought a scroll of identify for 30 gold pieces
 24666 | Orc:2    | Found Heyr's Antique Weapon Shop.
 24673 | Orc:2    | Reached **** piety under Kikubaaqudgha
 24769 | Orc:2    | Slain by a red devil

Illustrated notes

Levels and vault maps discovered:
D:1:      matt_arrival_spirals, layout_rooms
D:2:      layout_basic, ebering_ecumenical_altar_sacrificial,
          kennysheep_generic_room_5
D:3:      layout_rooms, nemelex_diamond_rough_becter,
          mainiacjoe_overflow_catwalk, st_stairs_8
D:4:      layout_basic, kennysheep_cross_bottleneck
D:5:      layout_basic, minmay_temple_entry_nine_rooms, serial_shops,
          nicolae_shop_waterfront
D:6:      minmay_chambers_of_fours, layout_basic, lemuel_another_geyser,
          uniq_grinder, uniq_duvessa
D:7:      layout_loops_ring, nicolae_ashenzari_skybound,
          nicolae_overflow_quartered_altars, serial_shops,
          nicolae_shop_behind_doors
D:8:      cheibrodos_iron_armory, layout_loops_ring, uniq_pikel,
          uniq_prince_ribbit1, uniq_maggie
D:9:      layout_irregular_city, grunt_lair_entry_orc_guard_hut, minivault_8
D:10:     layout_cave_pods, mainiacjoe_overflow_alcove_2, orc_0_dummy,
          serial_ice, serial_ice_a, serial_ice_j, serial_ice_m, serial_ice_b,
          uniq_gastronok
Lair:1:   layout_roguey, serial_bayou_shore_a
Lair:2:   layout_roguey, guppyfry_snake_entry_garden,
          ebering_ghost_disaster_area, chequers_serial_rivers_small_b,
          beast_lair_carwin_6, uniq_urug
Lair:3:   layout_long_grid, nicolae_volcano_entry_batcave, serial_bayou_lagoon_a
Lair:4:   nzn_winding_woodlands_stair_cross
          [nzn_winding_woodlands_5x15_split_checker,
          nzn_winding_woodlands_center_triple_pond,
          nzn_winding_woodlands_5x15_sawtooth,
          nzn_winding_woodlands_5x5_checkerboard,
          nzn_winding_woodlands_5x5_open_star,
          nzn_winding_woodlands_5x15_pathside_ponds,
          nzn_winding_woodlands_center_pierced_h,
          nzn_winding_woodlands_5x15_lazy_stream], layout_regular_city,
          elwin_shoals_entry_stream, basic_altar
Lair:5:   layout_regular_city
Lair:6:   minmay_lair_end_frog_pond, layout_regular_city, slime_entry_1,
          minmay_lair_drake_nest, infiniplex_staircase_pool
Orc:1:    layout_caves, serial_shops, nicolae_shop_trees, uniq_erolcha
Orc:2:    st_orc_elflike, layout_caves, serial_shops, nicolae_square_shop

Skill      XL: |  1  2  3  4  5  6  7  8  9 10 11 12 13 14 |
---------------+-------------------------------------------+-----
Fighting       | 1 2 3 4 5 7 8 |  8.8
Spellcasting   | 3 4 6 7 8 9 10 11 | 11.8
Stealth        | 2 |  2.0
Dodging        | 2 3 4 5 6 |  6.0
Necromancy     | 5 6 8 10 12 13 | 13.9
Hexes          | 1 2 3 4 5 6 7 8 |  8.0
Evocations     | 2 3 4 5 6 |  6.7
Translocations | 2 3 4 |  4.0
Armour         | 2 3 4 |  4.0
Air Magic      | 1 2 3 |  3.7
Poison Magic   | 1 2 3 |  3.5
Summonings     | 2 3 |  3.9
Staves         | 1 2 |  2.5

Action                   |  1- 3 |  4- 6 |  7- 9 | 10-12 | 13-15 || total
-------------------------+-------+-------+-------+-------+-------++-------
Melee: Dagger            |     4 |       |       |       |       ||     4
       Sling             |       |     1 |     1 |       |       ||     2
       Flail             |       |       |   141 |   174 |       ||   315
       Punch             |       |       |     3 |     3 |     2 ||     8
       Trident           |       |       |       |    60 |   196 ||   256
 Fire: Sling             |    56 |    85 |    45 |       |       ||   186
 Cast: Necrotise         |    36 |    33 |     3 |     9 |     7 ||    88
       Vampiric Draining |       |    16 |    48 |    26 |     3 ||    93
       Animate Dead      |       |       |     3 |    15 |     8 ||    26
       Anguish           |       |       |    14 |    92 |    83 ||   189
       Dispel Undead     |       |       |       |     9 |       ||     9
       Agony             |       |       |       |    15 |    11 ||    26
       Corpse Rot        |       |       |       |     1 |       ||     1
Invok: Unearth Wretches  |       |       |     3 |    17 |     6 ||    26
Evoke: Wand              |       |       |    11 |     6 |       ||    17
  Use: Scroll            |     3 |     9 |     3 |     8 |     4 ||    27
 Stab: Paralysed         |       |       |    12 |     2 |     1 ||    15
       Distracted        |       |       |     2 |     3 |     1 ||     6
       Sleeping          |       |       |     1 |     2 |       ||     3
Armor: Leather armour    |    13 |     7 |       |       |       ||    20
       Robe              |       |     4 |   104 |   194 |    91 ||   393
Dodge: Dodged            |    20 |    25 |   111 |   326 |   128 ||   610

Table legend: (Time is in decaauts)
 A = Elapsed time spent in this place.
 B = Non-inter-level travel time spent in this place.
 C = Inter-level travel time spent in this place.
 D = Time resting spent in this place.
 E = Time spent auto-exploring this place.
 F = Levels seen in this place.
 G = Mean time per level.
                   A        B        C        D        E       F      G
               +--------+--------+--------+--------+--------+-----+--------+
         Total |  25128 |  23533 |   1595 |   2142 |  17933 |  19 | 1322.5 |
       Dungeon |  14664 |  13536 |   1128 |   1490 |  10369 |  10 | 1466.4 |
          Lair |   8923 |   8462 |    461 |    459 |   6692 |   6 | 1487.2 |
  Orcish Mines |   1030 |   1025 |      5 |      0 |    772 |   2 |  515.0 |
       Volcano |    510 |    510 |      0 |    193 |    100 |   1 |  510.0 |
               +--------+--------+--------+--------+--------+-----+--------+

Top non-repeatable levels by time:
     D:9: 2498 daAuts
  Lair:4: 2434 daAuts
     D:6: 2044 daAuts
     D:7: 1942 daAuts
     D:8: 1652 daAuts
    D:10: 1472 daAuts
  Lair:6: 1388 daAuts
     D:2: 1370 daAuts
  Lair:5: 1366 daAuts
  Lair:3: 1346 daAuts
     D:5: 1315 daAuts
  Lair:2: 1276 daAuts
  Lair:1: 1111 daAuts
     D:4: 1103 daAuts
   Orc:2: 849 daAuts
